 Dungeon Crawl Stone Soup version 0.26.0-10-g1f06aea511 (webtiles) character file.

Game seed: 13353659454506290511

2105 Dracia the Ducker (level 9, -5/69 HPs)
             Began as a Gnoll Gladiator on Jan 14, 2021.
             Was a Follower of Okawaru.
             Killed by nerve-wracking pain
             ... invoked by Menkaure
              (13 damage)
             ... on level 6 of the Dungeon.
             The game lasted 00:12:12 (5349 turns).

Dracia the Ducker (Gnoll Gladiator)                 Turns: 5349, Time: 00:12:13

Health: -5/69      AC: 16    Str: 17    XL:     9   Next: 28%
Magic:  15/15      EV: 16    Int: 13    God:    Okawaru [*.....]
Gold:   410        SH: 10    Dex: 17    Spells: 2/16 levels left

rFire    . . .     SeeInvis .   A - +2 trident (vamp)
rCold    . . .     Faith    .   B - +0 buckler (curse)
rNeg     . . .     Spirit   .   g - +1 ring mail {rPois}
rPois    +         Reflect  +   c - +0 helmet
rElec    .         Harm     .   v - +0 cloak
rCorr    .         Rampage  .   n - +1 pair of gloves
Will     +....                  y - +0 pair of boots
Stlth    ++........             m - amulet of reflection
HPRegen  0.21/turn              l - ring of willpower
MPRegen  0.14/turn              O - +4 ring of protection

@: no status effects
A: distributed training, fangs 1, strong nose
a: Renounce Religion, Heroism


You were on level 6 of the Dungeon.
You worshipped Okawaru.
Okawaru was aware of your devotion.
You visited 2 branches of the dungeon, and saw 8 of its levels.

You collected 410 gold pieces.


Innate Abilities, Weirdness & Mutations

Your experience applies equally to all skills.
You have very sharp teeth.
Your uncanny sense of smell can sniff out nearby items.


   Skills:
 + Level 6.2 Fighting
 + Level 4.1 Short Blades
 + Level 4.1 Long Blades
 + Level 4.1 Axes
 + Level 4.1 Maces & Flails
 + Level 4.1 Polearms
 + Level 7.8 Staves
 + Level 4.1 Slings
 + Level 4.1 Bows
 + Level 4.1 Crossbows
 + Level 6.2 Throwing
 + Level 4.1 Armour
 + Level 7.8 Dodging
 + Level 4.1 Stealth
 + Level 4.1 Shields
 + Level 4.1 Unarmed Combat
 + Level 4.1 Spellcasting
 + Level 3.3 Conjurations
 + Level 3.3 Hexes
 + Level 3.3 Summonings
 + Level 3.3 Necromancy
 + Level 3.3 Translocations
 + Level 3.3 Transmutations
 + Level 3.3 Fire Magic
 + Level 3.3 Ice Magic
 + Level 3.3 Air Magic
 + Level 3.3 Earth Magic
 + Level 3.3 Poison Magic
 + Level 4.5 Invocations
 + Level 4.1 Evocations


You had 2 spell levels left.
You knew the following spells:

 Your Spells              Type           Power        Failure   Level
c - Conjure Flame         Conj/Fire      11%          26%         3
f - Freezing Cloud        Conj/Ice/Air   5%           100%        6
m - Mephitic Cloud        Conj/Pois/Air  11%          26%         3
p - Poisonous Vapours     Pois/Air       22%          14%         2

Your spell library contained the following spells:

 Spells                   Type           Power        Failure   Level


Inventory:

Hand Weapons
 a - a +0 quarterstaff
 A - a +2 vampiric trident (weapon)
Missiles
 d - 3 throwing nets (quivered) {=f=f}
 D - 8 poisoned darts
Armour
 b - a +0 leather armour
 c - a +0 helmet (worn)
 g - a +1 ring mail of poison resistance (worn)
 n - a +1 pair of gloves (worn)
 v - a +0 cloak (worn)
 y - a +0 pair of boots (worn)
 B - a cursed +0 buckler (worn)
Magical Staves
 u - an uncursed staff of conjuration {!a!a, unknown}
Jewellery
 k - an uncursed ring of attention
 l - a ring of willpower (left hand)
 m - an amulet of reflection (around neck)
 t - an uncursed ring of teleportation
 O - a +4 ring of protection (right hand)
 Q - an uncursed ring of stealth
Scrolls
 f - a scroll of enchant weapon
 h - 6 scrolls of teleportation {@r4@r4}
 i - 2 scrolls of remove curse {@r2@r2}
 p - a scroll of identify {@r1@r1}
 q - a scroll of magic mapping
 r - a scroll of blinking {unknown}
 w - a scroll of fog
Potions
 e - 3 potions of curing {@q1@q1}
 j - a potion of magic
 s - 2 potions of degeneration {unknown}

Dungeon Overview and Level Annotations

Branches:
Dungeon (7/15)             Temple (1/1) D:5

Altars:
Ashenzari
Cheibriados
Dithmenos
Elyvilon
Fedhas
Gozag
Hepliaklqana
Kikubaaqudgha
Makhleb
Nemelex Xobeh
Okawaru
Ru
Sif Muna
Trog
Uskayaw
Vehumet
Wu Jian
Xom
Yredelemnul
Zin
The Shining One

Annotations:
D:6 Menkaure

### ### ##.# #.# ### ##
#..#####.## ###.### .##
#....##...# #.....# ..##
##...†#...# ##....## #..#
#....†...####.....# ..##
#..>.##.....W..#..#
#.#######..##..OM....#..##
...##..........z@h....#..##
...#.>..##......[....##...# ###
.......(.##.....###.###...####.##
.#...##..#..........# #.....#...#
.##.###..(..........###....#.....
.##.###.#.........###.#...###....
........#........###.....##......
..................##...#..#......
...................#..#..........


You could see a phantom, an ogre, Menkaure (fast), a howler monkey and a wight.


Message History

* * * LOW HITPOINT WARNING * * *
The ogre barely misses you. The howler monkey barely misses you.
The wight hits you but does no damage.
You puncture Menkaure!
Menkaure is almost destroyed.
The phantom blinks!
You block Menkaure's attack. The howler monkey closely misses you.
You block the wight's attack. The ogre completely misses you.
Unknown command.
You feel much better.
Menkaure calls on the powers of darkness!
The ogre convulses!
Your body is wracked with pain!
* * * LOW HITPOINT WARNING * * *
The howler monkey convulses!
The howler monkey misses you. The wight barely misses you.
You hit Menkaure. Your bite misses Menkaure.
Menkaure is almost destroyed.
Menkaure misses you.
The phantom blinks!
The howler monkey completely misses you.
You block the ogre's attack.
Menkaure calls on the powers of darkness!
The ogre convulses!
Your body is wracked with pain!
* * * LOW HITPOINT WARNING * * *
The howler monkey convulses!
The wight completely misses you.
You hit Menkaure but do no damage.
Menkaure is almost destroyed.
You block the howler monkey's attack. You block the ogre's attack.
Menkaure gestures at you while chanting.
Pain shoots through your body!
You die...

Skill      XL: |  1  2  3  4  5  6  7  8  9 |
---------------+----------------------------+-----
Invocations    | 1 2 3 4 |  4.5
Short Blades   | 1 2 3 4 |  4.1
Long Blades    | 1 2 3 4 |  4.1
Axes           | 1 2 3 4 |  4.1
Maces & Flails | 1 2 3 4 |  4.1
Polearms       | 1 2 3 4 |  4.1
Slings         | 1 2 3 4 |  4.1
Bows           | 1 2 3 4 |  4.1
Crossbows      | 1 2 3 4 |  4.1
Armour         | 1 2 3 4 |  4.1
Stealth        | 1 2 3 4 |  4.1
Shields        | 1 2 3 4 |  4.1
Unarmed Combat | 1 2 3 4 |  4.1
Spellcasting   | 1 2 3 4 |  4.1
Evocations     | 1 2 3 4 |  4.1
Conjurations   | 1 2 3 |  3.3
Hexes          | 1 2 3 |  3.3
Summonings     | 1 2 3 |  3.3
Necromancy     | 1 2 3 |  3.3
Translocations | 1 2 3 |  3.3
Transmutations | 1 2 3 |  3.3
Fire Magic     | 1 2 3 |  3.3
Ice Magic      | 1 2 3 |  3.3
Air Magic      | 1 2 3 |  3.3
Earth Magic    | 1 2 3 |  3.3
Poison Magic   | 1 2 3 |  3.3
Fighting       | 5 6 |  6.2
Throwing       | 5 6 |  6.2
Staves         | 7 |  7.8
Dodging        | 7 |  7.8

Action                   |  1- 3 |  4- 6 |  7- 9 || total
-------------------------+-------+-------+-------++-------
Melee: Quarterstaff      |   105 |   155 |   106 ||   366
       Bite              |     7 |    21 |    48 ||    76
       Trident           |       |       |   250 ||   250
  Use: Scroll            |     5 |       |     5 ||    10
       Potion            |       |       |     8 ||     8
 Stab: Sleeping          |     1 |       |     3 ||     4
Armor: Leather armour    |    19 |       |       ||    19
       Ring mail         |    12 |    51 |   122 ||   185
Dodge: Dodged            |    79 |   113 |   321 ||   513
Block: Other             |       |    44 |    34 ||    78
       Reflection        |       |     1 |     7 ||     8
       Buckler           |       |       |   167 ||   167

Levels and vault maps discovered:
D:1:      lemuel_arrival_muddy, layout_loops_ring, minivault_11
D:2:      layout_basic, serial_bayou_lake_a
D:3:      layout_rooms, uniq_terence
D:4:      layout_rooms, uniq_grinder
D:5:      layout_cave_pools, minmay_temple_entry_hall
D:6:      layout_cave_pools
D:7:      layout_rooms, serial_undead, serial_undead_c, serial_undead_a,
          serial_undead_f, serial_undead_d, serial_undead_d, serial_undead_d,
          serial_shops, shop, uniq_menkaure
Temple:   nicolae_temple_the_god_donut

Notes
Turn   | Place    | Note
-------+----------+-------------------------------------------
     0 | D:1      | Dracia the Gnoll Gladiator began the quest for the Orb.
     0 | D:1      | Reached XP level 1. HP: 20/20 MP: 1/1
   273 | D:1      | Reached XP level 2. HP: 26/26 MP: 2/2
   424 | D:1      | You fall into a shaft and drop 1 floor!
   621 | D:2      | Reached XP level 3. HP: 31/31 MP: 3/3
   883 | D:1      | Reached skill level 1 in Invocations
  1377 | D:2      | Reached skill level 1 in Short Blades
  1377 | D:2      | Reached skill level 1 in Long Blades
  1377 | D:2      | Reached skill level 1 in Axes
  1377 | D:2      | Reached skill level 1 in Maces & Flails
  1377 | D:2      | Reached skill level 1 in Polearms
  1377 | D:2      | Reached skill level 1 in Slings
  1377 | D:2      | Reached skill level 1 in Bows
  1377 | D:2      | Reached skill level 1 in Crossbows
  1377 | D:2      | Reached skill level 1 in Armour
  1377 | D:2      | Reached skill level 1 in Stealth
  1377 | D:2      | Reached skill level 1 in Shields
  1377 | D:2      | Reached skill level 1 in Unarmed Combat
  1377 | D:2      | Reached skill level 1 in Spellcasting
  1377 | D:2      | Reached skill level 1 in Evocations
  1694 | D:2      | Reached XP level 4. HP: 38/38 MP: 5/5
  1830 | D:3      | Reached skill level 1 in Conjurations
  1830 | D:3      | Reached skill level 1 in Hexes
  1830 | D:3      | Reached skill level 1 in Summonings
  1830 | D:3      | Reached skill level 1 in Necromancy
  1830 | D:3      | Reached skill level 1 in Translocations
  1830 | D:3      | Reached skill level 1 in Transmutations
  1830 | D:3      | Reached skill level 1 in Fire Magic
  1830 | D:3      | Reached skill level 1 in Ice Magic
  1830 | D:3      | Reached skill level 1 in Air Magic
  1830 | D:3      | Reached skill level 1 in Earth Magic
  1830 | D:3      | Reached skill level 1 in Poison Magic
  1940 | D:3      | Noticed Terence
  1953 | D:3      | Killed Terence
  1954 | D:3      | Reached XP level 5. HP: 43/43 MP: 5/7
  2391 | D:4      | Noticed Grinder
  2419 | D:4      | Killed Grinder
  2420 | D:4      | Reached skill level 5 in Fighting
  2420 | D:4      | Reached skill level 2 in Short Blades
  2420 | D:4      | Reached skill level 2 in Long Blades
  2420 | D:4      | Reached skill level 2 in Axes
  2420 | D:4      | Reached skill level 2 in Maces & Flails
  2420 | D:4      | Reached skill level 2 in Polearms
  2420 | D:4      | Reached skill level 2 in Slings
  2420 | D:4      | Reached skill level 2 in Bows
  2420 | D:4      | Reached skill level 2 in Crossbows
  2420 | D:4      | Reached skill level 5 in Throwing
  2420 | D:4      | Reached skill level 2 in Armour
  2420 | D:4      | Reached skill level 2 in Stealth
  2420 | D:4      | Reached skill level 2 in Shields
  2420 | D:4      | Reached skill level 2 in Unarmed Combat
  2420 | D:4      | Reached skill level 2 in Spellcasting
  2420 | D:4      | Reached skill level 2 in Invocations
  2420 | D:4      | Reached skill level 2 in Evocations
  2420 | D:4      | Reached XP level 6. HP: 44/51 MP: 7/9
  2635 | D:4      | Reached XP level 7. HP: 13/56 MP: 10/10
  2903 | D:4      | Reached skill level 7 in Staves
  2903 | D:4      | Reached skill level 7 in Dodging
  3136 | D:5      | Entered Level 5 of the Dungeon
  3167 | D:4      | Reached skill level 2 in Conjurations
  3167 | D:4      | Reached skill level 2 in Hexes
  3167 | D:4      | Reached skill level 2 in Summonings
  3167 | D:4      | Reached skill level 2 in Necromancy
  3167 | D:4      | Reached skill level 2 in Translocations
  3167 | D:4      | Reached skill level 2 in Transmutations
  3167 | D:4      | Reached skill level 2 in Fire Magic
  3167 | D:4      | Reached skill level 2 in Ice Magic
  3167 | D:4      | Reached skill level 2 in Air Magic
  3167 | D:4      | Reached skill level 2 in Earth Magic
  3167 | D:4      | Reached skill level 2 in Poison Magic
  3391 | D:5      | Reached skill level 3 in Invocations
  3554 | D:5      | Reached XP level 8. HP: 47/63 MP: 12/12
  3666 | D:5      | Learned a level 2 spell: Poisonous Vapours
  3670 | D:5      | Learned a level 3 spell: Conjure Flame
  3674 | D:5      | Learned a level 3 spell: Mephitic Cloud
  3760 | D:5      | Reached skill level 3 in Short Blades
  3760 | D:5      | Reached skill level 3 in Long Blades
  3760 | D:5      | Reached skill level 3 in Axes
  3760 | D:5      | Reached skill level 3 in Maces & Flails
  3760 | D:5      | Reached skill level 3 in Polearms
  3760 | D:5      | Reached skill level 3 in Slings
  3760 | D:5      | Reached skill level 3 in Bows
  3760 | D:5      | Reached skill level 3 in Crossbows
  3760 | D:5      | Reached skill level 3 in Armour
  3760 | D:5      | Reached skill level 3 in Stealth
  3760 | D:5      | Reached skill level 3 in Shields
  3760 | D:5      | Reached skill level 3 in Unarmed Combat
  3760 | D:5      | Reached skill level 3 in Spellcasting
  3760 | D:5      | Reached skill level 3 in Evocations
  3817 | D:5      | Found a staircase to the Ecumenical Temple.
  3823 | Temple   | Entered the Ecumenical Temple
  3865 | Temple   | Became a worshipper of Warmaster Okawaru
  4025 | D:5      | Identified a potion of resistance
  4409 | D:6      | Reached * piety under Okawaru
  4466 | D:6      | Reached skill level 3 in Conjurations
  4466 | D:6      | Reached skill level 3 in Hexes
  4466 | D:6      | Reached skill level 3 in Summonings
  4466 | D:6      | Reached skill level 3 in Necromancy
  4466 | D:6      | Reached skill level 3 in Translocations
  4466 | D:6      | Reached skill level 3 in Transmutations
  4466 | D:6      | Reached skill level 3 in Fire Magic
  4466 | D:6      | Reached skill level 3 in Ice Magic
  4466 | D:6      | Reached skill level 3 in Air Magic
  4466 | D:6      | Reached skill level 3 in Earth Magic
  4466 | D:6      | Reached skill level 3 in Poison Magic
  4466 | D:6      | Reached skill level 4 in Invocations
  4483 | D:6      | Learned a level 6 spell: Freezing Cloud
  4745 | D:6      | Reached skill level 6 in Fighting
  4745 | D:6      | Reached skill level 6 in Throwing
  4745 | D:6      | Reached XP level 9. HP: 63/69 MP: 14/14
  5022 | D:7      | Noticed Menkaure
  5041 | D:6      | Reached skill level 4 in Short Blades
  5041 | D:6      | Reached skill level 4 in Long Blades
  5041 | D:6      | Reached skill level 4 in Axes
  5041 | D:6      | Reached skill level 4 in Maces & Flails
  5041 | D:6      | Reached skill level 4 in Polearms
  5041 | D:6      | Reached skill level 4 in Slings
  5041 | D:6      | Reached skill level 4 in Bows
  5041 | D:6      | Reached skill level 4 in Crossbows
  5041 | D:6      | Reached skill level 4 in Armour
  5041 | D:6      | Reached skill level 4 in Stealth
  5041 | D:6      | Reached skill level 4 in Shields
  5041 | D:6      | Reached skill level 4 in Unarmed Combat
  5041 | D:6      | Reached skill level 4 in Spellcasting
  5041 | D:6      | Reached skill level 4 in Evocations
  5345 | D:6      | HP: 3/69 [Menkaure (16)]
  5349 | D:6      | Killed from afar by Menkaure

Vanquished Creatures
  Grinder (D:4)
  A water moccasin (D:6)
  2 ice beasts
  A sky beast (D:5)
  A black bear (D:6)
  5 ogres
  A centaur (D:6)
  A scorpion (D:6)
  3 killer bees (D:6)
  A wight (D:6)
  3 howler monkeys
  A bullfrog skeleton (D:6)
  A jelly (D:6)
  2 orc priests
  A centaur skeleton (D:3)
  4 orc wizards
  Terence (D:3)
  3 worker ants
  A hound skeleton (D:6)
  A mummy (D:6)
  A worker ant zombie (D:6)
  4 gnolls (D:5)
  5 adders
  A white imp (D:6)
  2 worms (D:4)
  3 dart slugs (D:1)
  4 leopard geckos
  20 orcs
  2 ball pythons
  A giant cockroach (D:1)
  7 hobgoblins
  2 jackals (D:5)
  7 kobolds
  6 quokkas
  13 bats
  3 frilled lizards
  15 goblins
  A leopard gecko zombie (D:5)
  7 rats
139 creatures vanquished.

Vanquished Creatures (others)
  An orc (D:5)
  2 plants (D:2)
3 creatures vanquished.

Grand Total: 142 creatures vanquished

Table legend: (Time is in decaauts)
 A = Elapsed time spent in this place.
 B = Non-inter-level travel time spent in this place.
 C = Inter-level travel time spent in this place.
 D = Time resting spent in this place.
 E = Time spent auto-exploring this place.
 F = Levels seen in this place.
 G = Mean time per level.
                   A        B        C        D        E       F      G
               +--------+--------+--------+--------+--------+-----+--------+
         Total |   5400 |   5206 |    194 |    904 |   3116 |   8 |  675.0 |
       Dungeon |   5344 |   5163 |    181 |    904 |   3083 |   7 |  763.4 |
        Temple |     55 |     42 |     13 |      0 |     33 |   1 |   55.0 |
               +--------+--------+--------+--------+--------+-----+--------+

Top non-repeatable levels by time:
     D:6: 1171 daAuts
     D:1: 951 daAuts
     D:4: 937 daAuts
     D:2: 885 daAuts
     D:5: 798 daAuts
     D:3: 583 daAuts
  Temple: 55 daAuts
     D:7: 17 daAuts

Table legend:
 A = Non-vault XP
 B = Vault XP
 C = Vault XP percentage of total XP
 D = Non-vault monster count
 E = Vault monster count
 F = Vault count percentage of total count
                 A         B        C        D         E       F
            +---------+---------+-------+---------+---------+-------
      Total |    2630 |     378 |  12.6 |     135 |       4 |   2.9
            +---------+---------+-------+---------+---------+-------
        D:1 |      52 |       0 |   0.0 |      27 |       0 |   0.0
        D:2 |      38 |       0 |   0.0 |      17 |       0 |   0.0
        D:3 |      99 |      36 |  26.7 |      23 |       1 |   4.2
        D:4 |     440 |     267 |  37.8 |      14 |       1 |   6.7
        D:5 |     619 |       0 |   0.0 |      29 |       0 |   0.0
        D:6 |    1382 |      75 |   5.1 |      25 |       2 |   7.4
            +---------+---------+-------+---------+---------+-------
